Workbook

Sheet 補助研究員
A1: 補助研究員雇用申請書 | X1: 立命館大学非常勤研究職員給与規程 別表1
L2: 申請日 | O2: 年 | Q2: 月 | S2: 日 | U2: 所属機関 | V2: 配属研究所/センター | W2: 所属キャンパス | X2: 等級 | Y2: 金額 | Z2: 学外資金
H3: 長 殿 | U3: 立命館ｸﾞﾛｰﾊﾞﾙ・ｲﾉﾍﾞｰｼｮﾝ研究機構 | V3: なし | W3: 衣笠キャンパス | X3: HS1 | Y3: 4000 | Z3: 文部科学省
H4: 受入教員 | J4: 所属 | P4: 職位 | U4: 立命館アジア・日本研究機構 | V4: 人文科学研究所 | W4: びわこ・くさつキャンパス（BKC） | X4: HS2 | Y4: 3500 | Z4: 環境省
J5: 氏名 | U5: 衣笠総合研究機構 | V5: 国際地域研究所 | W5: 大阪いばらきキャンパス（OIC) | X5: HS3 | Y5: 3000 | Z5: 経済産業省
A6: ※白色のセルは規定値のため変更不可 | U6: BKC社系研究機構 | V6: 国際言語文化研究所 | W6: 朱雀キャンパス | X6: HS4 | Y6: 2500 | Z6: 総務省
A7: （１）基本情報 | U7: 総合科学技術研究機構 | V7: 人間科学研究所 | X7: HS5 | Y7: 2000 | Z7: 科学技術振興機構
A8: フリガナ 氏名 | G8: 姓（Family) | K8: 名(First) | O8: ミドル(Middle) | U8: OIC総合研究機構 | V8: 歴史都市防災研究所 | X8: HS6 | Y8: 1800 | Z8: 新エネルギー・産業技術総合開発機構
E9: フリガナ | V9: アート・リサーチセンター | X9: HS7 | Y9: 1500 | Z9: 国立研究開発法人情報通信研究機構
E10: 漢 字 | V10: 白川静記念東洋文字文化研究所 | X10: HS8 | Y10: 1250 | Z10: 国際協力機構
A11: 生年月日 | E11: 西暦 | V11: コリア研究センター | Z11: 国土技術政策総合研究所
A12: 性別 | V12: 間文化現象学研究センター | Z12: 間接経費
A13: 年齢 | E13: =IF(DATEDIF(F11,E37,"y")=0,"",DATEDIF(F11,E37,"y")) | G13: 歳 | H13: （雇用開始時点での年齢） | V13: ゲーム研究センター | Z13: 受託研究
A14: 住所（継続者のみ） | E14: 〒 | V14: 環太平洋文明研究センター | Z14: 学外共同研究
A15: 教職員番号（既取得者のみ） | V15: 加藤周一現代思想研究センター | Z15: 奨学寄附金
A16: 連絡先 | E16: 建物/フロア/部屋名（学内者のみ）： | V16: 先端認知科学研究センター | Z16: 研究資金繰越管理
E17: 携帯： | L17: 内線： | V17: 社会システム研究所
E18: Ｅmail: | V18: ファイナンス研究センター
A19: 本務・兼務の別 | E19: 兼務 | V19: 理工学研究所
A20: 本務機関 | E20: 所属・職位 | V20: ＳＲセンター
A21: 新規・継続の別 | F21: 新規 | H21: 継続（ | J21: 年目） | K21: *更新上限 | M21: 5 | N21: 年まで | O21: （年齢上限60歳） | V21: ＶＬＳＩセンター
A22: 雇用原資（資金名） | F22: 本学予算（ | K22: ） | M22: 学外資金（ | S22: ） | V22: 防災フロンティア研究センター
A23: 該当事業名 | V23: 創薬科学研究センター
A24: 当該事業代表者名（所属・職位・氏名） | E24: 所属 | K24: 職位 | O24: 氏名 | V24: ロボティクス研究センター
A25: 研究テーマ(※30文字以内) | V25: 古気候学研究センター
V26: システム視覚科学研究センター
A27: 博士学位の状況 | F27: 年 | H27: 月 | J27: 日 | L27: 取得 | N27: 取得見込み | Q27: 未取得 | V27: 先端ICTメディカル•ヘルスケア研究センター
E28: 学位種別 博士 | I28: 学位取得機関 | V28: 生物資源研究センター
E29: ※ 学位申請論文提出日（取得見込の場合のみ記入） | V29: 地域情報研究所(略称 RDIRI ラディリ）
F30: 年 | H30: 月 | J30: 日 | K30: 提出 (口頭試問予定日 | O30: 年 | Q30: 月 | S30: 日） | V30: サステイナビリティ学研究センター
A31: 外為法に基づく事前確認 | F31: 未実施 | H31: 実施 | V31: アジア・日本研究所
A32: （2）契約条件 下記の雇用条件にて、候補者本人の承諾を得ました。 | V32: 地域健康社会学研究センター
A33: 所属機関 | E33: 研究機構 | H33: =A3 -> 0 | V33: 環境テクノロジー・マネジメント研究センター
E34: 配属研究所/研究センター | V34: クリエイティブ・メディア研究センター
A35: 職位 | E35: 補助研究員 | V35: 医療介護経営研究センター
A36: 所属キャンパス／実際の勤務場所 | M36: ／実際の勤務場所 | N36: =E36 -> 0 | V36: 食総合研究センター
A37: 雇用期間（年度ごと） | H37: ～ | L37: ／ | M37: 1.条件変更開始月： | V37: 生存学研究所
A38: 勤務時間・日数 | E38: 勤務時間 | H38: ～ | J38: 週 | L38: 日 | M38: ※実働時間は週20時間未満、1日7.5時間以内とすること。 ※1日6時間を超える労働に対しては45分以上、8時間を超える労働に 対しては1時間の休憩を取得すること。 | V38: ものづくり質的研究センター
A39: 実働時間 | E39: 実働 | G39: 時間/日 | I39: =K38*F39 -> 0 | J39: 時間/週 | V39: 中東・イスラーム研究センター
A40: 就業規則 | E40: 立命館大学非常勤研究職員就業規則に基づく | V40: 東アジア平和協力研究センター
A41: 給与規程 | E41: 立命館大学非常勤研究職員給与規程に基づき支給する | V41: 琵琶湖・環境イノベーション研究センター
E42: 給与 | G42: 別表2 | H42: 等級 | L42: ※時給2,500円以上を選択される場合は、理由を記載ください。 | V42: バイオメディカルエンジニアリング研究センター
H43: 時給 | I43: =VLOOKUP(I42,X2:Y10,2,FALSE) -> #N/A | K43: 円 | V43: 知能化社会デザイン研究センター
E44: 通勤手当 | G44: 支給しない | L44: 設定理由 | V44: IoTセキュリティ研究センター
E45: その他諸手当 | G45: 立命館大学非常勤研究職員給与規程に基づく | V45: 先端材料研究センター
A46: 私学共済 | E46: 適用しない | V46: 医療経済評価・意思決定支援ユニット（CHEERS）
A47: 雇用保険 | E47: 適用しない | V47: 法政基盤研究センター
A48: (以下事務局使用欄) | V48: ⽇本バイオ炭研究センター
A49: 事務担当者 | H49: リサーチオフィス | M49: 氏名 | V49: スポーツ健康科学総合研究所
A50: 添付点検 | E50: 履歴・業績書 | I50: 資金計画書(学外資金のみ) | V50: 宇宙地球探査研究センター
E51: ライブラリーカード発行申請書 | J51: カードリーダー資格登録申請書 | V51: デザイン科学研究所
E52: 外国籍の場合： | G52: 資格外活動許可書複写 | J52: パスポート複写* | L52: 在留カード両面複写* (*未取得の場合は雇用開始日までに必ず提出のこと） | V52: 半導体応用研究センター
A53: 会議上程日程 | E53: 研究部会議 | N53: 年 月 日 | V53: 災害危機レジリエンス研究センター
E54: =A3 -> 0 | J54: 執行部会議・幹事会 | N54: 年 月 日 | V54: 法心理・司法臨床研究センター
E55: =A3 -> 0 | J55: 運営委員会 | N55: 年 月 日
A56: 直近の任用実績 | E56: 所属 ：
E57: 雇用種別： | L57: 任用期間 | M57: 年 月 日 | P57: ～ | Q57: 年 月 日
A58: 通算雇用年数/更新の有無 | E58: 通算雇用年数 ： | H58: 年目 | K58: ／ | M58: 更新 ： | O58: 無 | Q58: 有
A59: 備 考
N61: 機構事務局 | P61: PJ/資金管理 | R61: ﾘｴｿﾞﾝ/推進
S63: 研究部 2025.10
H168: 募集要項に追記。経費支弁書については要確認

Sheet 資金計画書
A1: 補助研究員資金計画書
L2: 申請日 | N2: =補助研究員!N2 -> 0 | O2: 年 | P2: =補助研究員!P2 -> 0 | Q2: 月 | R2: =補助研究員!R2 -> 0 | S2: 日
A3: =補助研究員!A3 -> 0 | H3: 長 殿
H4: 受入教員 | J4: 所属 | K4: =補助研究員!K4 -> 0 | P4: 職位 | Q4: =補助研究員!Q4 -> 0
J5: 氏名 | K5: =補助研究員!K5 -> 0
A6: 下記候補者雇用に必要な経費概算見込み額を確認しました。雇用に係る資金計画は以下の通りです。
A7: 期中で原資の変更がある場合は、必ず最新の書類を提出してください。
A8: 雇用候補者
A9: フリガナ 氏名 | G9: 姓（Family) | K9: 名(First) | O9: ミドル(Middle)
E10: フリガナ | G10: =補助研究員!G9 -> 0 | K10: =補助研究員!$K$9 -> 0 | O10: =補助研究員!$O$9 -> 0
E11: 漢 字 | G11: =補助研究員!$G$10 -> 0 | K11: =補助研究員!$K$10 -> 0 | O11: =補助研究員!$O$10 -> 0
A12: 教職員番号（既取得者のみ） | E12: =補助研究員!E15:S15 -> 0
A13: 所属機関 | E13: 研究機構 | H13: =補助研究員!H33 -> 0
E14: 配属研究所/研究センター | H14: =補助研究員!H34:S34 -> 0
A15: 新規・継続の別 | F15: 新規 | H15: 継続（ | I15: =補助研究員!I21 -> 0 | J15: 年目） | K15: *更新上限 | M15: 5 | N15: 年まで | O15: （年齢上限60歳）
A16: 職位 | E16: 補助研究員
A17: 雇用期間（年度ごと） | E17: =IF(補助研究員!E37=0,"",補助研究員!E37) | H17: ～ | I17: =IF(補助研究員!I37=0,"",補助研究員!I37) | L17: ／ | M17: =補助研究員!M37 -> 1.条件変更開始月： | P17: =IF(補助研究員!P37=0,"",補助研究員!P37)
A19: 資金計画＜その1＞
A20: 雇用原資1 | F20: 公的資金 | I20: 受託研究 | L20: 奨学寄附金 | O20: 他 （ | S20: ）
E21: 資金元： | P21: 文科省、学振等の機関名、奨学寄附研究の寄付者等
E22: 事業名： | P22: 科研費、CREST 等々
E23: 研究課題：
E24: 学内事業代表者 所属・職位： | N24: 氏名：
E25: 研究期間： | H25: 年 | J25: 月 | L25: 日 | M25: ～ | O25: 年 | Q25: 月 | S25: 日
F26: （ | H26: 年 | J26: ヶ月間 | K26: ）
E27: 当該年度の受入総額： | K27: 円／内、候補者人件費予定： | O27: ヶ月分 | S27: 円
E28: 雇用原資使用割合（エフォート率） | K28: ％
E29: 入金状況 | G29: 済 | H29: ／ | I29: 予定 | K29: 年 | M29: 月 ／ | N29: 決算確定後 | Q29: 年 | S29: 月
E30: 備考：
A32: 資金計画＜その2＞
A33: 雇用原資2 | F33: 公的資金 | I33: 受託研究 | L33: 奨学寄附金 | O33: 他 （ | S33: ）
E34: 資金元： | P34: 文科省、学振等の機関名、奨学寄附研究の寄付者等
E35: 事業名： | P35: 科研費、CREST 等々
E36: 研究課題：
E37: 学内事業代表者 所属・職位： | N37: 氏名：
E38: 研究期間： | H38: 年 | J38: 月 | L38: 日 | M38: ～ | O38: 年 | Q38: 月 | S38: 日
F39: （ | H39: 年 | J39: ヶ月間 | K39: ）
E40: 当該年度の受入総額： | K40: 円／内、候補者人件費予定： | O40: ヶ月分 | S40: 円
E41: 任用原資使用割合（エフォート率） | K41: ％
E42: 入金状況 | G42: 済 | H42: ／ | I42: 予定 | K42: 年 | M42: 月 ／ | N42: 決算確定後 | Q42: 年 | S42: 月
E43: 備考：
A45: 資金計画＜その3＞
A46: 雇用原資3 | F46: 公的資金 | I46: 受託研究 | L46: 奨学寄附金 | O46: 他 （ | S46: ）
E47: 資金元： | P47: 文科省、学振等の機関名、奨学寄附研究の寄付者等
E48: 事業名： | P48: 科研費、CREST 等々
E49: 研究課題：
E50: 学内事業代表者 所属・職位： | N50: 氏名：
E51: 研究期間： | H51: 年 | J51: 月 | L51: 日 | M51: ～ | O51: 年 | Q51: 月 | S51: 日
F52: （ | H52: 年 | J52: ヶ月間 | K52: ）
E53: 当該年度の受入総額： | K53: 円／内、候補者人件費予定： | O53: ヶ月分 | S53: 円
E54: 任用原資使用割合（エフォート率） | K54: ％
E55: 入金状況 | G55: 済 | H55: ／ | I55: 予定 | K55: 年 | M55: 月 ／ | N55: 決算確定後 | Q55: 年 | S55: 月
E56: 備考：
A58: 資金計画＜その4＞
A59: 雇用原資4 | F59: 公的資金 | I59: 受託研究 | L59: 奨学寄附金 | O59: 他 （ | S59: ）
E60: 資金元： | P60: 文科省、学振等の機関名、奨学寄附研究の寄付者等
E61: 事業名： | P61: 科研費、CREST 等々
E62: 研究課題：
E63: 学内事業代表者 所属・職位： | N63: 氏名：
E64: 研究期間： | H64: 年 | J64: 月 | L64: 日 | M64: ～ | O64: 年 | Q64: 月 | S64: 日
F65: （ | H65: 年 | J65: ヶ月間 | K65: ）
E66: 当該年度の受入総額： | K66: 円／内、候補者人件費予定： | O66: ヶ月分 | S66: 円
E67: 任用原資使用割合（エフォート率） | K67: ％
E68: 入金状況 | G68: 済 | H68: ／ | I68: 予定 | K68: 年 | M68: 月 ／ | N68: 決算確定後 | Q68: 年 | S68: 月
E69: 備考：
A71: 資金計画＜その5＞
A72: 雇用原資5 | F72: 公的資金 | I72: 受託研究 | L72: 奨学寄附金 | O72: 他 （ | S72: ）
E73: 資金元： | P73: 文科省、学振等の機関名、奨学寄附研究の寄付者等
E74: 事業名： | P74: 科研費、CREST 等々
E75: 研究課題：
E76: 学内事業代表者 所属・職位： | N76: 氏名：
E77: 研究期間： | H77: 年 | J77: 月 | L77: 日 | M77: ～ | O77: 年 | Q77: 月 | S77: 日
F78: （ | H78: 年 | J78: ヶ月間 | K78: ）
E79: 当該年度の受入総額： | K79: 円／内、候補者人件費予定： | O79: ヶ月分 | S79: 円
E80: 任用原資使用割合（エフォート率） | K80: ％
E81: 入金状況 | G81: 済 | H81: ／ | I81: 予定 | K81: 年 | M81: 月 ／ | N81: 決算確定後 | Q81: 年 | S81: 月
E82: 備考：
A84: 原資(人件費)合計 | G84: =P27+P40+P53+P66+P79 -> 0 | J84: 円
A85: 2026 | B85: 年度 必要経費概算見込み額 ※下記の必要経費概算見込み額を確保してください
A86: 就労時間数（概算） | E86: 延べ | F86: =I86*K86*M86 -> 0 | G86: 時間 | H86: （実働 | I86: =補助研究員!$F$39 -> 0 | J86: 時間／日 | K86: =補助研究員!K38 -> 0 | L86: 日／週 | M86: =IFERROR(ROUND((R86-P86)/7,0),0) -> 0 | N86: 週間） | O86: 開始日 | P86: =IF(補助研究員!E37="","",補助研究員!E37) | Q86: 終了日 | R86: =IF(補助研究員!I37=0,"",補助研究員!I37)
A87: 給与額 | E87: 時給 | F87: =補助研究員!I43 -> #N/A | G87: =補助研究員!#REF! -> #REF! | H87: =補助研究員!A42 -> 0 | I87: 円（税込） | K87: 立命館大学非常勤研究職員給与規程 別表1 時給等級 | R87: =補助研究員!I42 -> 0
E88: 総額 | F88: =F87*F86 -> #N/A | I88: 円（時給×延べ時間数）
A89: 社会保険料法人負担分 | F89: =F88*2.17/1000 -> #N/A | I89: 円 | J89: 法人負担率 2.17/1000 労災保険料のみ（一般拠出金込み）
A90: 必要経費概算見込み額 | F90: =SUM(F88:H89) -> #N/A | I90: 円
A91: ※社会保険料率の変更があった場合、必要経費概算見込み額が、年度途中で変更になることがあります。 | S91: =補助研究員!S63 -> 研究部 2025.10
